 Dungeon Crawl Stone Soup version 0.21.1-1-g345015f (webtiles) character file.

196 prawnwizard the Ruffian (level 5, -9/32 HPs)
             Began as an Octopode Fighter on July 4, 2018.
             Was a Follower of Hepliaklqana.
             Mangled by an ogre
             ... wielding a +0 giant club
              (21 damage)
             ... on level 4 of the Dungeon.
             The game lasted 00:04:00 (1992 turns).

prawnwizard the Ruffian (Octopode Fighter)          Turns: 1992, Time: 00:04:00

Health: -9/32      AC:  1    Str: 16    XL:     5   Next: 74%
Magic:  5/5        EV: 15    Int: 10    God:    Hepliaklqana [*.....]
Gold:   142        SH:  0    Dex: 12    Spells: 4/4 levels left

rFire    . . .     SeeInvis .     - Unarmed
rCold    . . .     Gourm    .   (no shield)
rNeg     . . .     Faith    +   (helmet restricted)
rPois    .         Spirit   .   d - amulet of faith
rElec    .         Reflect  .   (no ring)
rCorr    .         Harm     .   (no ring)
MR       .....                  (no ring)
Stlth    ++........             (no ring)
HPRegen  0.10/turn              (no ring)
MPRegen  0.09/turn              (no ring)
                                (no ring)
                                (no ring)

@: no status effects
A: almost no armour, stealthy swim, amphibious, 8 rings, constrict 8, reduced
essence, camouflage 1, gelatinous body 1
a: Recall Ancestor, Ancestor Identity, Renounce Religion


You were on level 4 of the Dungeon.
You worshipped Hepliaklqana.
Hepliaklqana was aware of your devotion.
You were very hungry.

You visited 1 branch of the dungeon, and saw 4 of its levels.

You collected 142 gold pieces.

Inventory:

Jewellery
 d - an amulet of faith (around mantle)
Wands
 k - a wand of digging (6)
Scrolls
 e - 5 scrolls of identify {unknown}
 f - a scroll of immolation {unknown}
 g - a scroll of magic mapping {unknown}
 h - a scroll of fear {unknown}
Potions
 a - a potion of brilliance {unknown}
 b - a potion of might
 i - a potion of curing {unknown}
 j - a potion of heal wounds {unknown}
Comestibles
 c - 6 rations


   Skills:
 - Level 3.1 Fighting
 + Level 4.3 Dodging
   Level 3.1 Shields
 * Level 4.7 Unarmed Combat


You had 4 spell levels left.
You didn't know any spells.

Dungeon Overview and Level Annotations

Branches:
Dungeon (4/15)
 Temple: D:4-7

Altars:
Cheibriados
Fedhas
Hepliaklqana
Nemelex Xobeh
Zin

Shops:
D:4 !


Innate Abilities, Weirdness & Mutations

You cannot wear most types of armour.
You are very stealthy in the water. (Stealth+)
You are amphibious.
You can wear up to eight rings at the same time.
You can use your tentacles to constrict eight enemies at once.
Your skin changes colour to match your surroundings (Stealth+).
Your rubbery body absorbs attacks. (AC +1, EV +1)
Your life essence is reduced to manifest your ancestor. (-10% HP)


Message History

You swap places.
An ogre comes into view. It is wielding a giant club.
An ogre is nearby!
The ogre shouts!
You swap places.
The ogre closely misses Cyne.
The ogre barely misses Cyne.
The ogre hits Cyne with a giant club!!
Cyne is destroyed!
There is a stone staircase leading down here.
You barely miss the ogre. Your squeeze misses the ogre.
The ogre hits you with a giant club!!
Ouch! That really hurt!
You tentacle-slap the ogre. You squeeze the ogre.
The ogre is moderately wounded.
You bludgeon the ogre! You squeeze the ogre!
The ogre is almost dead.
The ogre hits you with a giant club!!
Ouch! That really hurt!
You die...

.......≈≈≈..#<..............#
.......≈≈_≈.................#
........≈.≈≈................#
..≈≈≈.....≈.................#
.≈≈≈≈≈.................######
...∩≈≈...........#####.#
.≈≈≈≈≈.......#...# #.#
..≈≈≈........#.#.#####.#
......##.....#.#@......###.#
.......#.....#..O..........#
.....###.....+#.....########
.............+#.....+
....................#
..........##........#
..........##.....##.#
..........##.....+..#
#................#..#


You could see an ogre.

Vanquished Creatures
  A scorpion (D:4)
  A worker ant (D:4)
  A hound skeleton (D:4)
  3 adders
  2 worms
  2 dart slugs
  4 leopard geckos
  3 goblins
  4 hobgoblins (D:1)
  3 jackals (D:3)
  3 kobolds
  A quokka (D:3)
  A ball python (D:2)
  4 bats
  6 frilled lizards
  7 rats
46 creatures vanquished.

Vanquished Creatures (collateral kills)
  A hound (D:3)
  A rat (D:3)
2 creatures vanquished.

Vanquished Creatures (others)
  An ancestor (D:4)
1 creature vanquished.

Grand Total: 49 creatures vanquished

Notes
Turn   | Place    | Note
-------+----------+-------------------------------------------
     0 | D:1      | prawnwizard the Octopode Fighter began the quest for the Orb.
     0 | D:1      | Reached XP level 1. HP: 16/16 MP: 1/1
    77 | D:1      | Reached XP level 2. HP: 21/21 MP: 2/2
   365 | D:1      | Reached XP level 3. HP: 21/26 MP: 3/3
   557 | D:2      | Found a hazy altar of Hepliaklqana.
   961 | D:2      | Became a worshipper of Hepliaklqana the Forgotten
  1069 | D:3      | Found a glowing silver altar of Zin.
  1124 | D:3      | Reached XP level 4. HP: 21/27 MP: 4/4
  1138 | D:3      | Found a sparkling altar of Nemelex Xobeh.
  1439 | D:3      | Reached * piety under Hepliaklqana
  1617 | D:3      | Found a snail-covered altar of Cheibriados.
  1789 | D:4      | Found a blossoming altar of Fedhas.
  1814 | D:4      | Reached XP level 5. HP: 32/32 MP: 5/5
  1887 | D:4      | Found Gohoa's Distillery.
  1944 | D:4      | Noticed an ogre
  1992 | D:4      | Mangled by an ogre

Skill      XL: |  1  2  3  4 |
---------------+-------------+-----
Unarmed Combat | 3 4 |  4.7
Dodging        | 4 |  4.3
Fighting       | |  3.1
Shields        | |  3.1

Action                   |  1- 3 |  4- 6 || total
-------------------------+-------+-------++-------
Melee: Unarmed           |    69 |    41 ||   110
       Constrict         |    18 |     8 ||    26
       Tentacles         |    12 |     9 ||    21
       Punch             |     4 |     2 ||     6
Invok: Ancestor Identity |     1 |       ||     1
 Stab: Sleeping          |    10 |     2 ||    12
  Eat: Chunk             |       |     2 ||     2
Armor: Skin              |     2 |       ||     2
Dodge: Dodged            |    33 |    25 ||    58
Block: Shield            |     7 |       ||     7
